 Dungeon Crawl Stone Soup version 0.27-a0-124-g19cb506db8 (webtiles) character file.

Game seed: 4408692418660393724

34 sahdkjhfkaj the Chiller (level 3, -3/19 HPs)
             Began as a Deep Elf Ice Elementalist on Jan 25, 2021.
             Killed from afar by Sigmund (6 damage)
             ... with a puff of flame
             ... on level 2 of the Dungeon.
             The game lasted 00:04:59 (2051 turns).

sahdkjhfkaj the Chiller (Deep Elf Ice Elementalist) Turns: 2051, Time: 00:05:00

Health: -3/19      AC:  2    Str:  5    XL:     3   Next: 14%
Magic:  8/11       EV: 13    Int: 20    God:
Gold:   66         SH:  0    Dex: 15    Spells: 7/11 levels left

rFire    . . .     SeeInvis .   (no weapon)
rCold    . . .     Faith    .   (no shield)
rNeg     . . .     Spirit   .   a - +0 robe
rPois    .         Reflect  .   (no helmet)
rElec    .         Harm     .   (no cloak)
rCorr    .         Rampage  .   (no gloves)
Will     .....                  (no boots)
Stlth    ++........             (no amulet)
HPRegen  0.06/turn              (no ring)
MPRegen  0.12/turn              (no ring)

@: no status effects
A: no striking features
a: no special abilities


You were on level 2 of the Dungeon.
You visited 1 branch of the dungeon, and saw 2 of its levels.

You collected 66 gold pieces.

Inventory:

Armour
 a - a +0 robe (worn)
Jewellery
 h - a +4 ring of evasion {unknown}
Scrolls
 b - a scroll of noise
 c - a scroll of magic mapping {unknown}
 e - 2 scrolls of enchant weapon
 g - a scroll of random uselessness {unknown}
Potions
 f - a potion of lignification {unknown}


   Skills:
 - Level 2.4 Dodging
 - Level 2.4 Stealth
 * Level 4.5 Spellcasting
 + Level 4.8 Ice Magic


You had 7 spell levels left.
You knew the following spells:

 Your Spells              Type           Power        Failure   Level
a - Freeze                Ice            92%          1%          1
C - Frozen Ramparts       Ice            46%          4%          3

Your spell library contained the following spells:

 Spells                   Type           Power        Failure   Level
 Ozocubu's Armour         Ice            23%          4%          3
 Hailstorm                Conj/Ice       14%          41%         4
 Summon Ice Beast         Ice/Summ       14%          41%         4


Dungeon Overview and Level Annotations

Branches:
Dungeon (2/15)

Altars:

Annotations:
D:2 Sigmund


Message History

The spell is quite dangerous to cast (4% risk of failure)!
Continue anyway?
Casting: Frozen Ramparts (quite dangerous; 4% risk of failure)
Press: ? - help, Dir - look around, f - activate The walls around you are covered in ice.
The wall freezes Sigmund!
Sigmund casts a spell at you. The puff of flame hits you!
Unknown command.
The wall freezes Sigmund.
Sigmund barely misses you.
The wall freezes Sigmund.
Sigmund hits you from afar with a +0 scythe.
The wall freezes Sigmund.
Sigmund hits you from afar with a +0 scythe.
* * * LOW HITPOINT WARNING * * *
It was a potion of cancellation.
Your magical effects are unravelling.
You feel magically purged.
The frozen ramparts melt away.
Sigmund casts a spell at you. The puff of flame hits you.
You die...

#. #. #. #. #
#.### .# #...
..#
#..#####..#
#.@##.....###
#..##........
#..@).....##
##.<.....(...
######....#.
.#.## . .# ..
.. .. #


You could see Sigmund.

Vanquished Creatures
  A dart slug (D:1)
  A leopard gecko (D:1)
  2 giant cockroaches (D:1)
  7 goblins
  7 hobgoblins (D:1)
  4 kobolds (D:1)
  A bat (D:1)
  A frilled lizard (D:1)
  2 rats (D:1)
26 creatures vanquished.

Notes
Turn   | Place    | Note
-------+----------+-------------------------------------------
     0 | D:1      | sahdkjhfkaj the Deep Elf Ice Elementalist began the quest
                  | for the Orb.
     0 | D:1      | Reached XP level 1. HP: 10/10 MP: 6/6
   287 | D:1      | Reached XP level 2. HP: 2/15 MP: 2/8
  1284 | D:1      | Reached XP level 3. HP: 19/19 MP: 8/10
  1627 | D:2      | Noticed Sigmund
  2037 | D:2      | Learned a level 3 spell: Frozen Ramparts
  2051 | D:2      | Killed from afar by Sigmund

Illustrated notes

Levels and vault maps discovered:
D:1:      elethiomel_arrival_quiet, layout_loops_corners
D:2:      layout_loops_cross, grunt_temple_overflow_forces_of_nature,
          lemuel_crystal_altar, vehumet_crystals,
          chequers_serial_rivers_small_b, chequers_serial_rivers_room_b,
          uniq_sigmund

Skill      XL: |  1  2 |
---------------+-------+-----
Spellcasting   | 4 |  4.5
Dodging        | |  2.4
Stealth        | |  2.4
Ice Magic      | |  4.8

Action                   || total
-------------------------++-------
Melee: Unarmed           ||     9
 Cast: Freeze            ||    35
       Frozen Ramparts   ||     1
  Use: Scroll            ||     2
       Potion            ||     1
 Stab: Sleeping          ||     1
Armor: Robe              ||     2
Dodge: Dodged            ||    26

Table legend: (Time is in decaauts)
 A = Elapsed time spent in this place.
 B = Non-inter-level travel time spent in this place.
 C = Inter-level travel time spent in this place.
 D = Time resting spent in this place.
 E = Time spent auto-exploring this place.
 F = Levels seen in this place.
 G = Mean time per level.
                   A        B        C        D        E       F      G
               +--------+--------+--------+--------+--------+-----+--------+
         Total |   2053 |   2025 |     28 |    645 |   1173 |   2 | 1026.5 |
       Dungeon |   2053 |   2025 |     28 |    645 |   1173 |   2 | 1026.5 |
               +--------+--------+--------+--------+--------+-----+--------+

Top non-repeatable levels by time:
     D:1: 2019 daAuts
     D:2: 34 daAuts
